 Dungeon Crawl Stone Soup version 0.23.2 (webtiles) character file.

Game seed: 16670645743781403410

103896 Forgol the Bludgeoner (level 16, -13/103 HPs)
             Began as a Gargoyle Fighter on Apr 2, 2019.
             Was an Elder of Elyvilon.
             Blown up by an orb spider (32 damage)
             ... with an orb of destruction
             ... on level 1 of the Spider Nest.
             The game lasted 01:15:17 (30210 turns).

Forgol the Bludgeoner (Gargoyle Fighter)           Turns: 30210, Time: 01:15:18

Health: -13/103    AC: 36    Str: 27    XL:     16   Next: 37%
Magic:  26/26      EV:  5    Int: 14    God:    Elyvilon [****..]
Gold:   1694       SH: 21    Dex:  9    Spells: 15/15 levels left

rFire    + + .     SeeInvis .   q - +6 flail "Foyzityha" {crush, Fragile Int+5}
rCold    + . .     Gourm    .   L - +2 large shield {rF+}
rNeg     + . .     Faith    .   v - +4 plate armour {rF+}
rPois    ∞         Spirit   .   g - +0 helmet
rElec    +         Reflect  .   P - +0 cloak of Evolution {rCorr}
rCorr    +         Harm     .   (no gloves)
MR       ++...                  O - +0 pair of boots
Stlth    ..........             (no amulet)
HPRegen  0.27/turn              h - ring of protection from magic
MPRegen  0.20/turn              m - ring of protection from cold

@: flying
A: big wings, negative energy resistance 1, electricity resistance, unbreathing,
petrification resistance, rot immunity, AC +12
a: Stop Flying, Lesser Healing, Heal Other, Purification, Greater Healing,
Divine Protection, Renounce Religion


You were on level 1 of the Spider Nest.
You worshipped Elyvilon.
Elyvilon was greatly pleased with you.
You were not hungry.

You visited 4 branches of the dungeon, and saw 24 of its levels.
You also visited: Gauntlet and Volcano.

You collected 2121 gold pieces.
You spent 427 gold pieces at shops.

Inventory:

Hand Weapons
 q - the +6 flail "Foyzityha" (weapon) {crush, Fragile Int+5}
   (You found it on level 5 of the Dungeon)

   It inflicts extra damage upon your enemies.
   It affects your intelligence (+5).
   It will be destroyed if unequipped.
 y - a +0 morningstar of venom
 S - the +7 triple sword "Kuef" {flame, +Rage rF- Int+2, unknown}
   (You found it on level 13 of the Dungeon)

   It has been specially enchanted to burn those struck by it, causing extra
   injury to most foes and up to half again as much damage against particularly
   susceptible opponents.
   Big, fiery blades are also staple armaments of hydra-hunters.
   It affects your intelligence (+2).
   It makes you vulnerable to fire.
   It lets you go berserk.
Armour
 g - a +0 helmet (worn)
 v - a +4 plate armour of fire resistance (worn)
 A - the cursed +1 chain mail of Zin's Displeasure {rC+ Str+2 Dex+4 Stlth+}
   (You took it off a minotaur in a Gauntlet)

   It affects your strength (+2).
   It affects your dexterity (+4).
   It protects you from cold.
   It makes you more stealthy.
   It has a curse placed upon it.
 L - a +2 large shield of fire resistance (worn)
 O - a +0 pair of boots (worn)
 P - the +0 cloak of Evolution (worn) {rCorr}
   (You found it in a Gauntlet)

   It provides partial protection from all sources of acid and corrosion.
Jewellery
 d - an uncursed ring of positive energy
 h - a ring of protection from magic (left hand)
 m - a ring of protection from cold (right hand)
 G - a +4 ring of strength
 U - a +5 ring of protection
Wands
 a - a wand of acid (26)
 n - a wand of scattershot (5)
 w - a wand of digging (4)
 B - a wand of iceblast (28)
 C - a wand of enslavement (15)
 E - a wand of flame (56)
 K - a wand of paralysis (28)
Scrolls
 b - 2 scrolls of fog
 i - 11 scrolls of remove curse
 j - 4 scrolls of blinking
 k - 13 scrolls of teleportation
 s - 7 scrolls of amnesia
 x - 2 scrolls of fear
 D - 3 scrolls of magic mapping
 J - 3 scrolls of enchant weapon
 M - 9 scrolls of identify
Potions
 e - 4 potions of mutation
 l - 4 potions of brilliance
 o - 4 potions of haste
 r - 8 potions of curing
 t - 3 potions of berserk rage
 u - 4 potions of heal wounds
 z - 4 potions of resistance
 H - a potion of degeneration {unknown}
 I - a potion of flight {unknown}
 N - 4 potions of agility
 R - a potion of ambrosia {unknown}
 T - 3 potions of lignification
Miscellaneous
 F - a phantom mirror
Comestibles
 f - 44 rations


   Skills:
 + Level 12.6 Fighting
 * Level 16.0 Maces & Flails
 + Level 13.1 Armour
 + Level 12.6 Shields
 + Level 14.1 Invocations


You had 15 spell levels left.
You didn't know any spells.
Your spell library contained the following spells:

 Spells                   Type           Power        Failure   Level  Hunger
 Apportation              Tloc           #.....       100%        1    ##.....
 Beastly Appendage        Tmut           #.....       100%        1    ##.....
 Infusion                 Chrm           #...         100%        1    ##.....
 Magic Dart               Conj           #...         100%        1    ##.....
 Summon Butterflies       Summ           #.......     100%        1    ##.....
 Blink                    Tloc           N/A          100%        2    ###....
 Call Imp                 Summ           #.......     100%        2    ###....
 Searing Ray              Conj           #.....       100%        2    ###....
 Shroud of Golubria       Chrm/Tloc      #.........   100%        2    ###....
 Slow                     Hex            #.......     100%        2    ###....
 Song of Slaying          Chrm           #.......     100%        2    ###....
 Sticks to Snakes         Tmut           #.......     100%        2    ###....
 Conjure Flame            Conj/Fire      #.......     100%        3    ####...
 Dazzling Spray           Conj/Hex       #.....       100%        3    ####...
 Ignite Poison            Fire/Tmut/Pois #.......     100%        3    ####...
 Lesser Beckoning         Tloc           #.........   100%        3    ####...
 Mephitic Cloud           Conj/Pois/Air  #.......     100%        3    ####...
 Recall                   Summ/Tloc      N/A          100%        3    ####...
 Regeneration             Chrm/Necr      #.........   100%        3    ####...
 Spectral Weapon          Hex/Chrm       #.......     100%        3    ####...
 Spider Form              Tmut/Pois      #.........   100%        3    ####...
 Tukima's Dance           Hex            #.......     100%        3    ####...
 Animate Dead             Necr           N/A          100%        4    #####..
 Force Lance              Conj/Tloc      #.......     100%        4    #####..
 Fulminant Prism          Conj/Hex       #.........   100%        4    #####..
 Ice Form                 Ice/Tmut       #.......     100%        4    #####..
 Iskenderun's Mystic Bla  Conj           #.......     100%        4    #####..
 Alistair's Intoxication  Tmut/Pois      #.......     100%        5    ######.
 Blade Hands              Tmut           #.........   100%        5    ######.
 Borgnjor's Vile Clutch   Necr/Erth      #.........   100%        5    ######.
 Fireball                 Conj/Fire      #.........   100%        5    ######.
 Bolt of Fire             Conj/Fire      #.........   100%        6    #######
 Death Channel            Necr           #.........   100%        6    #######
 Invisibility             Hex            #.......     100%        6    #######
 Simulacrum               Ice/Necr       #.........   100%        6    #######
 Ring of Flames           Chrm/Fire      #.........   100%        7    #######
 Ignition                 Fire           #.........   100%        8    #######


Dungeon Overview and Level Annotations

Branches:
Dungeon (15/15)            Temple (0/1) D:4            Lair (6/6) D:11
 Shoals (0/4) Lair:3       Spider (1/4) Lair:4        Slime (0/5) Lair:5
    Orc (2/2) D:11            Elf (0/3) Orc:2        Vaults (0/5) D:13
 Depths (0/5) D:15

Altars:
Ashenzari
Dithmenos
Elyvilon
Fedhas
Hepliaklqana
Makhleb
Nemelex Xobeh
Okawaru
Qazlal
Sif Muna
Trog
Uskayaw
Vehumet
Wu Jian
Yredelemnul
Beogh
Jiyva

Shops:
D:6 %   D:8 (   D:9 [*   D:12 ?   Orc:2 :=*[?

Annotations:
D:3 2 transporters, DasRunzen's ghost, amateur DrGl
Lair:2 1 runed translucent door, Tutankhamun's ghost, journeyman GnWn
Lair:5 1 runed translucent door
Orc:1 2 transporters, libidonplus's ghost, journeyman TrFi


Innate Abilities, Weirdness & Mutations

You are resistant to torment.
Your stone body is resilient. (AC +12)
You are immune to poison.
Your large and strong wings let you fly indefinitely.
You resist negative energy. (rN+)
You are resistant to electric shocks. (rElec)
You can survive without breathing.
You are immune to petrification.
You are immune to rotting.


Message History

An orb of destruction comes into view.
The orb spider begins to weave its threads into a brightly glowing ball.
You see here 22 arrows.
You block the orb of destruction.
The orb of destruction dissipates.
The orb spider spins a strand of pure energy.
The wolf spider hits you but does no damage.
The wolf spider bites you but does no damage.
You sock the wolf spider!
The wolf spider is severely wounded.
You block the wolf spider's attack. x2
The orb spider weaves a glowing orb of energy.
An orb of destruction comes into view.
You bludgeon the wolf spider!!
You kill the wolf spider!
The orb spider weaves a glowing orb of energy.
An orb of destruction comes into view.
You block the orb of destruction.
The orb of destruction dissipates.
There is a crawl-hole back to the Lair here.
The orb of destruction hits you!!
You die...

#%...........%.....
#.^.................
###.!%.....).........
#....................
#............%.......
###.......s(○ss....$>
#..%.......☼.s......
###.....†.○○........
##......@.........
##...............
##.....)........
####...........
#...........
####........
......... .........
.......


You could see 4 orb spiders.

Vanquished Creatures
  Jorgrun (D:15)
  Rupert (D:12)
  An orc warlord (Orc:1)
  A minotaur (Gauntlet)
  A fire dragon (Lair:6)
  An ogre mage (Volcano)
  The ghost of PentaManta the Carver, a journeyman MfFi of Dithmenos (D:13)
  Josephine (Orc:1)
  5 hydras
  8 two-headed ogres
  2 centaur warriors (D:13)
  2 tengu warriors
  3 death yaks (D:11)
  4 orc high priests
  A hell knight (Volcano)
  Urug (Lair:2)
  2 fire crabs (Gauntlet)
  2 unseen horrors
  A swamp dragon (Lair:6)
  A wizard (D:15)
  A deep troll (D:13)
  Pikel (D:6)
  A phantasmal warrior (D:13)
  A wolf spider zombie (D:12)
  5 orc knights
  6 orc sorcerers
  3 ugly things
  2 necromancers
  A cyclops (D:14)
  5 wolf spiders
  A manticore (D:11)
  A naga mage (D:15)
  8 elephants (Lair:6)
  3 black mambas
  2 molten gargoyles (Volcano)
  10 spiny frogs
  Joseph (D:8)
  A gargoyle (D:13)
  4 rime drakes
  A freezing wraith (D:14)
  An efreet (D:15)
  2 demonic crawlers (Lair:4)
  7 komodo dragons
  A tengu conjurer (D:10)
  7 jumping spiders
  10 trolls
  2 hornets
  Grinder (D:3)
  12 polar bears
  4 raiju (Lair:6)
  A dream sheep (Lair:6)
  17 blink frogs
  9 hippogriffs
  5 slime creatures (D:13)
  A meliai zombie (D:14)
  3 centaur simulacra
  24 redbacks
  4 tarantellas
  A spriggan (D:7)
  2 shadows (D:13)
  38 yaks
  9 fire bats
  5 wraiths
  2 basilisks
  4 hungry ghosts
  A steam dragon (Lair:6)
  9 wargs
  Edmund (D:6)
  A soldier ant (D:12)
  4 acid dragons
  16 hell hounds
  31 water moccasins
  2 ice beasts
  11 porcupines
  2 swamp drakes (Lair:6)
  13 black bears
  32 orc warriors
  5 sky beasts
  2 phantoms
  A meliai simulacrum (Gauntlet)
  A slave (D:6)
  An eye of draining (D:14)
  8 ogres
  2 necrophages
  8 centaurs
  23 wolves
  16 crocodiles
  2 big kobolds
  A big kobold (shapeshifter) (D:13)
  15 bullfrogs
  2 scorpions (D:9)
  A water moccasin skeleton (D:11)
  10 killer bees
  5 wights (D:9)
  6 howler monkeys
  9 crimson imps
  7 lava snakes (Volcano)
  A wyvern simulacrum (Gauntlet)
  A bullfrog skeleton (D:12)
  5 centaur zombies
  3 jellies
  7 centaur skeletons
  9 hounds
  24 orc priests
  6 iguanas
  25 orc wizards
  A hell rat (D:11)
  13 worker ants
  A hound skeleton (D:5)
  14 gnolls
  25 adders
  A river rat (D:11)
  3 shadow imps
  An adder zombie (D:7)
  2 adder skeletons
  2 worms
  3 dart slugs
  2 leopard geckos
  72 orcs
  2 ball pythons (D:1)
  13 bats
  5 giant cockroaches
  17 goblins
  7 hobgoblins
  12 jackals
  7 quokkas
  6 frilled lizards
  A jackal skeleton (D:7)
  19 kobolds
  A quokka zombie (D:6)
  6 rats
  A spectral orc (D:7)
  2 butterflies (Lair:1)
838 creatures vanquished.

Vanquished Creatures (others)
  An unseen horror (D:14)
  2 orb spiders (Spider:1)
  A wizard (D:14)
  A jumping spider (Spider:1)
  A tarantella (Spider:1)
  A slave (D:6)
  A worker ant (D:6)
  A ball python (D:2)
  A demonic plant (Gauntlet)
  2 fungi (Lair:5)
  11 plants (Lair:6)
23 creatures vanquished.

Grand Total: 861 creatures vanquished

Notes
Turn   | Place    | Note
-------+----------+-------------------------------------------
     0 | D:1      | Forgol the Gargoyle Fighter began the quest for the Orb.
     0 | D:1      | Reached XP level 1. HP: 14/14 MP: 1/1
    86 | D:1      | Reached XP level 2. HP: 19/19 MP: 2/2
   417 | D:1      | Reached skill level 3 in Maces & Flails
   421 | D:1      | Reached XP level 3. HP: 22/23 MP: 3/3
   843 | D:2      | Reached XP level 4. HP: 24/28 MP: 4/4
   977 | D:2      | Reached skill level 4 in Maces & Flails
  1203 | D:2      | Found a white marble altar of Elyvilon.
  1383 | D:2      | Became a worshipper of Elyvilon the Healer
  1447 | D:2      | Found an iron altar of Okawaru.
  1647 | D:3      | Reached XP level 5. HP: 29/32 MP: 5/5
  1705 | D:3      | Reached skill level 1 in Invocations
  1863 | D:3      | Found a transporter.
  1893 | D:3      | Noticed DasRunzen's ghost (amateur DrGl)
  1903 | D:3      | Found a transporter.
  1991 | D:3      | Noticed Grinder
  1998 | D:3      | Killed Grinder
  1998 | D:3      | Reached skill level 5 in Maces & Flails
  1998 | D:3      | Reached XP level 6. HP: 26/37 MP: 5/8
  2347 | D:4      | Reached * piety under Elyvilon
  2999 | D:4      | Found a staircase to the Ecumenical Temple.
  3085 | D:4      | Reached skill level 5 in Armour
  3085 | D:4      | Reached XP level 7. HP: 37/41 MP: 9/9
  3116 | D:4      | Reached ** piety under Elyvilon
  3769 | D:5      | Entered Level 5 of the Dungeon
  3933 | D:5      | Found a hide-covered altar of Uskayaw.
  3986 | D:5      | Found a sparkling altar of Nemelex Xobeh.
  4217 | D:5      | Reached *** piety under Elyvilon
  4308 | D:5      | Found a blossoming altar of Fedhas.
  4308 | D:5      | Found a hazy altar of Hepliaklqana.
  4309 | D:5      | Found a bloodstained altar of Trog.
  4313 | D:5      | Found a shadowy altar of Dithmenos.
  4314 | D:5      | Got a translucent flail
  4315 | D:5      | Identified the +6 flail "Foyzityha" {crush, Fragile Int+5}
                  | (You found it on level 5 of the Dungeon)
  4344 | D:5      | Reached skill level 6 in Maces & Flails
  4344 | D:5      | Reached XP level 8. HP: 48/48 MP: 11/11
  4614 | D:6      | Reached skill level 5 in Invocations
  4706 | D:6      | Noticed Pikel
  4750 | D:6      | Killed Pikel
  4750 | D:6      | Reached skill level 5 in Fighting
  4750 | D:6      | Reached skill level 7 in Maces & Flails
  4750 | D:6      | Reached skill level 5 in Shields
  4750 | D:6      | Reached XP level 9. HP: 45/54 MP: 13/13
  4823 | D:6      | Found Dist's Food Shop.
  4876 | D:6      | Found a shattered altar of Ashenzari.
  5067 | D:6      | Reached **** piety under Elyvilon
  5100 | D:6      | Found a radiant altar of Vehumet.
  5119 | D:6      | Noticed Edmund
  5135 | D:6      | Killed Edmund
  5625 | D:7      | Found a basalt altar of Yredelemnul.
  5881 | D:8      | Found Luuriugh's Weapon Boutique.
  5905 | D:8      | Reached skill level 8 in Maces & Flails
  5911 | D:8      | Found a bloodstained altar of Trog.
  5911 | D:8      | Noticed Joseph
  5924 | D:8      | Killed Joseph
  6115 | D:7      | Reached XP level 10. HP: 51/60 MP: 15/15
  6540 | D:8      | Found a deep blue altar of Sif Muna.
  6647 | D:8      | Reached ***** piety under Elyvilon
  7271 | D:9      | Found Ismoptor's General Store.
  7325 | D:9      | Found Titizir's Armour Shoppe.
  7375 | D:9      | Reached skill level 9 in Maces & Flails
  7786 | D:9      | Found a stormy altar of Qazlal.
  7933 | D:10     | Entered Level 10 of the Dungeon
  8521 | D:10     | Noticed a two-headed ogre
  8526 | D:10     | Killed a two-headed ogre
  8526 | D:10     | Reached XP level 11. HP: 67/67 MP: 17/17
  8864 | D:11     | Noticed a death yak
  8864 | D:11     | Noticed a white ugly thing
  8881 | D:11     | Killed a death yak
  8892 | D:11     | Reached skill level 10 in Maces & Flails
  8944 | D:11     | Killed a white ugly thing
  9005 | D:11     | Reached skill level 10 in Invocations
  9028 | D:11     | Found a staircase to the Lair.
  9049 | D:11     | Noticed a death yak
  9063 | D:11     | Noticed a death yak
  9070 | D:11     | Killed a death yak
  9080 | D:11     | Killed a death yak
  9226 | D:11     | Found a staircase to the Orcish Mines.
 10016 | D:11     | Killed an unseen horror
 10030 | D:11     | Reached XP level 12. HP: 45/74 MP: 17/20
 10187 | D:11     | Noticed a five-headed hydra
 10196 | D:11     | Killed a five-headed hydra
 10196 | D:11     | Reached skill level 11 in Maces & Flails
 10868 | D:11     | Found a roughly hewn altar of Beogh.
 11351 | Lair:1   | Entered Level 1 of the Lair of Beasts
 11393 | Lair:1   | Found an ornate altar of the Wu Jian Council.
 11559 | Lair:1   | Found a dark tunnel.
 11613 | Volcano  | Entered a volcano
 11855 | Volcano  | Found a bloodstained altar of Trog.
 11855 | Volcano  | Noticed a two-headed ogre
 11855 | Volcano  | Noticed a two-headed ogre
 11855 | Volcano  | Noticed an ogre mage
 11855 | Volcano  | Noticed a two-headed ogre
 11862 | Volcano  | Killed a two-headed ogre
 11878 | Volcano  | Killed an ogre mage
 11884 | Volcano  | Killed a two-headed ogre
 11888 | Volcano  | Killed a two-headed ogre
 12030 | Volcano  | Noticed a hell knight
 12037 | Volcano  | Killed a hell knight
 12191 | Volcano  | Noticed a two-headed ogre
 12199 | Volcano  | Killed a two-headed ogre
 13342 | Lair:2   | Reached skill level 12 in Maces & Flails
 13355 | Lair:2   | Reached skill level 10 in Armour
 13360 | Lair:2   | Reached XP level 13. HP: 44/80 MP: 21/21
 13382 | Lair:2   | Noticed Urug
 13540 | Lair:2   | Killed Urug
 14300 | Lair:2   | Found a runed translucent door.
 14302 | Lair:2   | Noticed Tutankhamun's ghost (journeyman GnWn)
 15768 | Lair:3   | Found a staircase to the Shoals.
 16242 | Lair:4   | Found a hole to the Spider Nest.
 16512 | Lair:4   | Reached skill level 10 in Fighting
 16637 | Lair:4   | Reached skill level 10 in Shields
 17212 | Lair:5   | Found a runed translucent door.
 17232 | Lair:5   | Reached skill level 13 in Maces & Flails
 17513 | Lair:5   | Found a gate leading to a gauntlet.
 17550 | Gauntlet | Entered a Gauntlet
 17550 | Gauntlet | Found a transporter.
 17550 | Gauntlet | Found a transporter.
 17566 | Gauntlet | Found a transporter.
 17569 | Gauntlet | Found a transporter.
 17570 | Gauntlet | Found a transporter.
 17570 | Gauntlet | Found a transporter.
 17875 | Gauntlet | Found a runed translucent door.
 17887 | Gauntlet | Found a transporter.
 17889 | Gauntlet | Found a transporter.
 17891 | Gauntlet | Found a transporter.
 17891 | Gauntlet | Found a transporter.
 18072 | Gauntlet | Found a transporter.
 18088 | Gauntlet | Gained mutation: Your large and strong wings let you fly
                  | indefinitely. [Gargoyle growth]
 18088 | Gauntlet | Reached XP level 14. HP: 56/88 MP: 20/23
 18118 | Gauntlet | Found a transporter.
 18125 | Gauntlet | Got a bloodstained cloak
 18140 | Gauntlet | Identified the cursed +0 cloak of Evolution {rCorr} (You
                  | found it in a Gauntlet)
 18267 | Gauntlet | Identified the cursed +1 chain mail of Zin's Displeasure
                  | {rC+ Str+2 Dex+4 Stlth+}
 18645 | Lair:5   | Reached ****** piety under Elyvilon
 18782 | Lair:5   | Found a staircase to the Slime Pits.
 18783 | Lair:5   | Found a viscous altar of Jiyva.
 19040 | Lair:6   | Entered Level 6 of the Lair of Beasts
 19773 | Lair:6   | Reached skill level 14 in Maces & Flails
 21176 | D:12     | Reached XP level 15. HP: 93/95 MP: 24/24
 21287 | D:12     | Found Peuxosk's Magic Scroll Boutique.
 21315 | D:12     | Noticed Rupert
 21341 | D:12     | Killed Rupert
 21944 | Orc:1    | Entered Level 1 of the Orcish Mines
 22063 | Orc:1    | Found a transporter.
 22074 | Orc:1    | Found a transporter.
 22074 | Orc:1    | Identified the +7 battleaxe of the Final Decision
                  | {antimagic, *Rage rPois Int+4}
 22078 | Orc:1    | Found a bloodstained altar of Trog.
 22089 | Orc:1    | Noticed libidonplus's ghost (journeyman TrFi)
 22119 | Orc:1    | Noticed an orc warlord
 22171 | Orc:1    | Killed an orc warlord
 22760 | Orc:1    | Identified the ring of Laiddum {+Blink rElec rPois Dex-2}
 22833 | Orc:1    | Noticed Josephine
 22849 | Orc:1    | Killed Josephine
 22953 | Orc:2    | Entered Level 2 of the Orcish Mines
 22953 | Orc:2    | Found a burning altar of Makhleb.
 22953 | Orc:2    | Found a staircase to the Elven Halls.
 23150 | Orc:2    | Found Kirusew's Book Shoppe.
 23182 | Orc:2    | Found a roughly hewn altar of Beogh.
 23211 | Orc:2    | Reached skill level 15 in Maces & Flails
 23248 | Orc:2    | Found a roughly hewn altar of Beogh.
 23471 | Orc:2    | Found Miarr's Magic Scroll Shoppe.
 24868 | Orc:2    | Found Kethrual's Antique Armour Shoppe.
 24876 | Orc:2    | Found Sazxedu's General Store.
 24876 | Orc:2    | Found Muxaliwu's Jewellery Boutique.
 24899 | Orc:2    | Bought a scroll of enchant weapon for 105 gold pieces
 25099 | D:9      | Bought a +2 large shield of fire resistance for 322 gold
                  | pieces
 25881 | D:13     | Found a gate to the Vaults.
 25941 | D:13     | Found a runed translucent gate.
 25941 | D:13     | Found a runed translucent gate.
 25941 | D:13     | Found a runed translucent gate.
 25942 | D:13     | Noticed PentaManta's ghost (journeyman MfFi)
 25962 | D:13     | Killed PentaManta's ghost
 25976 | D:13     | Got a dazzling triple sword
 26315 | D:14     | Found a bloodstained altar of Trog.
 26835 | D:15     | Entered Level 15 of the Dungeon
 27071 | D:15     | Reached XP level 16. HP: 98/102 MP: 26/26
 27279 | D:15     | Found a staircase to the Depths.
 27355 | D:15     | Noticed Jorgrun
 27374 | D:15     | Killed Jorgrun
 27798 | Spider:1 | Entered Level 1 of the Spider Nest
 29192 | Lair:4   | Reached skill level 16 in Maces & Flails
 29734 | Spider:1 | HP: 4/103 [jumping spider (7)]
 30210 | Spider:1 | Blown up by an orb spider

Skill      XL: |  1  2  3  4  5  6  7  8  9 10 11 12 13 14 15 16 |
---------------+-------------------------------------------------+-----
Maces & Flails | 3 4 5 6 7 8 9 10 12 13 14 15 16 | 16.0
Armour         | 4 5 6 7 8 9 10 11 12 13 | 13.1
Invocations    | 3 4 6 7 9 10 11 12 13 14 | 14.1
Fighting       | 4 5 6 7 8 9 10 11 12 | 12.6
Shields        | 4 5 6 7 8 9 10 11 12 | 12.6

Action                   |  1- 3 |  4- 6 |  7- 9 | 10-12 | 13-15 | 16-18 || total
-------------------------+-------+-------+-------+-------+-------+-------++-------
Melee: Flail             |   145 |   246 |   321 |   726 |  2121 |   316 ||  3875
Invok: Lesser Healing    |       |       |     2 |     6 |       |       ||     8
       Greater Healing   |       |       |       |    22 |    24 |     6 ||    52
       Divine Vigour     |       |       |       |       |     1 |       ||     1
       Divine Protection |       |       |       |       |       |     1 ||     1
       Purification      |       |       |       |       |       |     1 ||     1
 Abil: Fly               |       |       |       |       |     1 |       ||     1
Evoke: Wand              |       |       |       |     1 |       |       ||     1
  Use: Scroll            |     4 |     7 |     6 |     6 |    17 |     1 ||    41
       Potion            |     1 |     2 |     1 |       |       |       ||     4
  Eat: Chunk             |       |     6 |     8 |    26 |    45 |     4 ||    89
       Ration            |       |     1 |       |     2 |     5 |     3 ||    11
Armor: Scale mail        |   111 |   177 |    62 |   243 |       |       ||   593
       Chain mail        |       |       |   126 |   117 |       |       ||   243
       Plate armour      |       |       |       |    30 |  1193 |   488 ||  1711
Dodge: Dodged            |    40 |    90 |    72 |   233 |   436 |   100 ||   971
Block: Shield            |   107 |   133 |   147 |   386 |  1085 |       ||  1858
       Large shield      |       |       |       |       |   263 |   621 ||   884
